 Dungeon Crawl Stone Soup version 0.29.0-4-gdea44cf6ec (webtiles) character file.

Game seed: 18187283087303680778

17250 qw the Cleaver (level 12, -19/73 HPs)
             Began as a Gargoyle Fighter on Sept 9, 2022.
             Was a High Priest of Okawaru.
             Killed from afar by an oklob plant (30 damage)
             ... with a splash of acid
             ... on level 3 of the Lair of Beasts.
             The game lasted 00:04:24 (12596 turns).

qw the Cleaver (Gargoyle Fighter)                  Turns: 12596, Time: 00:04:24

Health: -19/73     AC: 18    Str: 25    XL:     12   Next: 46%
Magic:  14/19      EV:  8    Int:  9    God:    Okawaru [*****.]
Gold:   747        SH: 17    Dex:  9    Spells: 11/11 levels left

rFire   + . .      SeeInvis +   Y - +4 war axe
rCold   . . .      Faith    .   f - +0 kite shield
rNeg    + . .      Spirit   .   p - +0 plate armour
rPois   inf        Reflect  +   y - +2 helmet
rElec   +          Harm     .   c - +0 cloak
rCorr   .          Rampage  .   o - +1 pair of gloves
Will    .....                   b - +0 pair of boots
Stlth   ..........              r - amulet of reflection
HPRegen 0.22/turn               m - ring of see invisible
MPRegen 0.16/turn               a - +4 ring of protection

@: about to teleport, heroic, finesse-ful, corroded
A: sickness immunity, AC +8, negative energy resistance 1, electricity
resistance, torment resistance 1, petrification resistance, fire resistance 1
a: Renounce Religion, Heroism, Finesse, Duel


You were on level 3 of the Lair of Beasts.
You worshipped Okawaru.
Okawaru was extremely pleased with you.
You visited 2 branches of the dungeon, and saw 12 of its levels.

You collected 747 gold pieces.


Innate Abilities, Weirdness & Mutations

You are immune to sickness and miasma.
Your stone body is resilient. (AC +8)
You are immune to poison.
You resist negative energy. (rN+)
You are resistant to electric shocks. (rElec)
You are resistant to unholy torment.
You are immune to petrification.
Your flesh is heat resistant. (rF+)


   Skills:
 + Level 8.1(13.1) Fighting
 - Level 11.0(16.0) Axes
 - Level 4.4(9.4) Throwing
 - Level 8.1(13.1) Armour
 - Level 1.0(6.0) Dodging
 - Level 10.0(15.0) Shields
 + Level 9.7 Invocations


You had 11 spell levels left.
You didn't know any spells.
Your spell library was empty.

Inventory:

Hand Weapons
 u - a +0 morningstar
 Y - a +4 war axe (weapon)
Missiles
 g - 8 boomerangs
 n - 3 javelins
 C - a silver javelin (quivered)
Armour
 b - a +0 pair of boots (worn)
 c - a +0 cloak (worn)
 f - a +0 kite shield (worn)
 o - a +1 pair of gloves (worn)
 p - a +0 plate armour (worn)
 y - a +2 helmet (worn)
Jewellery
 a - a +4 ring of protection (right hand)
 m - a ring of see invisible (left hand)
 r - an amulet of reflection (around neck)
 t - a +4 ring of slaying {mikee}
Wands
 k - a wand of digging (12)
Scrolls
 j - 10 scrolls of identify
 l - a scroll of fog
 s - a scroll of teleportation
Potions
 d - 3 potions of might
 e - 6 potions of curing
 h - 3 potions of attraction
 i - a potion of mutation
 q - a potion of flight {unknown}
 w - a potion of resistance
 x - 2 potions of lignification
 z - a potion of magic
 A - 3 potions of haste

Dungeon Overview and Level Annotations

Branches:
Dungeon (9/15)             Temple (0/1) D:7            Lair (3/5) D:9
  Swamp (0/4) Lair:2       Spider (0/4) Lair:2
    Orc: D:9-12

Altars:
Cheibriados
Dithmenos
Elyvilon
Fedhas
Gozag
Makhleb
Okawaru
Ru
Wu Jian
Xom

Shops:
D:3 *

Annotations:
D:5 3 runed translucent doors, qw's ghost, novice GrBe; qw's ghost, novice GrFi
Lair:1 2 transporters, qw's ghost, journeyman MiBe


Message History

The oklob plant is heavily damaged.
You hit the plant.
You hit the oklob plant but do no damage.
The oklob plant is heavily damaged.
You hit the plant.
You hit the oklob plant but do no damage.
The oklob plant is heavily damaged.
You hit the plant. The oklob plant spits acid at you.
The splash of acid hits you! The acid corrodes you!
The oklob plant spits acid at you.
The splash of acid hits you but does no damage.
The acid corrodes you!
12590 ||| READING 2 scrolls of teleportation.
As you read the scroll of teleportation, it crumbles to dust.
You feel strangely unstable. The oklob plant spits acid at you.
The splash of acid hits you!
12591 ||| DRINKING potion of heal wounds.
You feel much better. The oklob plant spits acid at you.
The splash of acid hits you! The acid corrodes you!
You hit the oklob plant but do no damage.
The oklob plant is heavily damaged.
You hit the plant.
You hit the oklob plant but do no damage.
The oklob plant is heavily damaged.
You hit the plant.
A nearby plant withers and dies.
The oklob plant spits acid at you. The splash of acid hits you!
The acid corrodes you!
You hit the oklob plant but do no damage.
The oklob plant is heavily damaged.
You hit the oklob plant.
The oklob plant is heavily damaged.
You hit the oklob plant but do no damage.
The oklob plant is heavily damaged.
The oklob plant spits acid at you. The splash of acid hits you!!
You die...

#.#.................
##......#..#.........
##.......#.$P.....P...
###................###.#
.....:.?....#.#.........
...............#........
............~......#..P.
..........$.~......#####
#......@....~.[....# #.
#....PP............. #.
#.....PPP........... ##
##....PP....~.......P##.
~~......................
~~.............#.....###
......(.......##.....# #
............./#.......##
.P.......


You could see 5 oklob plants.

Vanquished Creatures
  3 hydras
  A two-headed ogre (D:9)
  Pikel (D:7)
  A deep elf zephyrmancer (D:6)
  5 elephants (Lair:3)
  Maurice (D:9)
  4 black mambas
  6 cane toads
  3 rime drakes
  3 komodo dragons (Lair:1)
  A tyrant leech (Lair:2)
  A wraith (D:9)
  Sigmund (D:5)
  A culicivora (Lair:2)
  5 wyverns
  6 yaks
  A basilisk (Lair:1)
  2 steam dragons
  2 swamp worms (Lair:2)
  7 water moccasins
  An ice beast (D:5)
  An orc warrior (D:7)
  A sky beast (D:8)
  3 black bears
  3 centaurs
  2 ogres
  A phantom (D:4)
  A lemure (D:7)
  3 kobold brigands
  10 bullfrogs
  A necrophage (D:6)
  A scorpion (D:4)
  2 gnoll sergeants
  6 wights
  3 killer bees (D:7)
  3 howler monkeys
  A hound (D:6)
  5 jellies
  2 gnoll boudas (D:8)
  2 orc priests
  Ijyb (D:5)
  2 iguanas (D:4)
  Natasha (thrice) (D:4)
  3 orc wizards
  7 hell rats (Lair:1)
  20 gnolls
  6 adders
  2 white imps
  An ufetubus (D:7)
  A worm (D:3)
  4 dart slugs
  21 orcs
  4 ball pythons
  7 endoplasms
  2 giant cockroaches (D:1)
  4 goblins
  6 hobgoblins
  7 jackals
  4 quokkas
  6 bats
  6 frilled lizards
  12 kobolds
  5 rats
241 creatures vanquished.

Vanquished Creatures (others)
  2 kobolds (D:6)
  5 fungi
  13 plants
20 creatures vanquished.

Grand Total: 261 creatures vanquished

Notes
Turn   | Place    | Note
-------+----------+-------------------------------------------
     0 | D:1      | qw the Gargoyle Fighter began the quest for the Orb.
     0 | D:1      | Reached XP level 1. HP: 14/14 MP: 1/1
     0 | D:1      | 0 ||| qw: Version: 0.1-a-113-g051387a
     0 | D:1      | 0 ||| qw: Game counter: 7104
     0 | D:1      | 0 ||| qw: Always use a shield: true
     0 | D:1      | 0 ||| qw: God list: Okawaru
     0 | D:1      | 0 ||| qw: Allow faded altars: false
     0 | D:1      | 0 ||| qw: Do Orc after D:15 true
     0 | D:1      | 0 ||| qw: Do second Lair branch before Depths: true
     0 | D:1      | 0 ||| qw: Lair rune preference: random
     0 | D:1      | 0 ||| qw: Plans: Normal, Zot, God:TSO, Crypt, Tomb, Zig,
                  | Orb
     0 | D:1      | 0 ||| PLANNING D:1-11
    67 | D:1      | Reached skill level 2 in Axes
   219 | D:1      | Reached XP level 2. HP: 19/19 MP: 2/2
   542 | D:1      | Reached skill level 3 in Axes
   542 | D:1      | Reached XP level 3. HP: 10/23 MP: 3/3
   739 | D:1      | 739 ||| DROPPING +0 club.
   967 | D:1      | 967 ||| Stepping ~*~*~tactically~*~*~ (stealth).
  1016 | D:1      | 1016 ||| Stepping ~*~*~tactically~*~*~ (stealth).
  1392 | D:1      | 1392 ||| READING scroll labelled YKENTI OCZAA.
  1393 | D:1      | 1393 ||| READING 2 scrolls labelled IXUOHUEC WOIRPH.
  1394 | D:1      | 1394 ||| DRINKING 2 fizzy cyan potions.
  1593 | D:2      | Reached XP level 4. HP: 28/28 MP: 4/4
  1849 | D:2      | Found a faded altar of an unknown god.
  1889 | D:2      | 1889 ||| Stepping ~*~*~tactically~*~*~ (hiding).
  2271 | D:2      | 2271 ||| UPGRADING to ring of willpower.
  2272 | D:2      | 2272 ||| READING scroll labelled XACAPRUKHLA.
  2273 | D:2      | 2273 ||| DRINKING 2 dark potions.
  2274 | D:2      | 2274 ||| READING 4 scrolls of identify.
  2274 | D:2      | 2274 ||| IDENTIFYING coppery potion
  2275 | D:2      | 2275 ||| READING 3 scrolls of identify.
  2275 | D:2      | 2275 ||| IDENTIFYING sedimented green potion
  2276 | D:2      | 2276 ||| DROPPING potion of degeneration.
  2401 | D:3      | Found an ornate altar of the Wu Jian Council.
  2597 | D:3      | Found Gozag's Platinum Reserve.
  2597 | D:3      | Found an opulent altar of Gozag.
  2605 | D:3      | Reached skill level 1 in Throwing
  2635 | D:3      | 2635 ||| SHOPLISTING +8 ring mail "Xuirerew" {rN+ Will+
                  | Regen+ Int+3} (6710 gold, have 142).
  2635 | D:3      | 2635 ||| SHOPLISTING ring "Udin" {Fly rF- rN+++ Str-5 SInv}
                  | (3220 gold, have 142).
  2840 | D:3      | 2840 ||| UPGRADING to +0 pair of gloves.
  2845 | D:3      | 2845 ||| UPGRADING to +0 plate armour.
  2855 | D:3      | 2855 ||| DROPPING +0 scale mail.
  2856 | D:3      | 2856 ||| UPGRADING to +4 ring of protection.
  2857 | D:3      | 2857 ||| READING scroll labelled MOYVATZ CEESIO.
  2858 | D:3      | 2858 ||| READING 2 scrolls labelled EVA BUECIHE.
  2859 | D:3      | 2859 ||| READING scroll labelled TOITTI MUTIM.
  2860 | D:3      | 2860 ||| READING scroll labelled REOSENTOUL.
  2861 | D:3      | 2861 ||| READING 3 scrolls of identify.
  2861 | D:3      | 2861 ||| IDENTIFYING clear potion
  2862 | D:3      | 2862 ||| DROPPING scroll of magic mapping.
  2863 | D:3      | 2863 ||| DROPPING potion of brilliance.
  2916 | D:4      | 2916 ||| Stepping ~*~*~tactically~*~*~ (stealth).
  2922 | D:4      | Reached skill level 4 in Axes
  3031 | D:4      | Reached XP level 5. HP: 32/32 MP: 5/5
  3036 | D:4      | Noticed an ogre
  3044 | D:4      | Killed an ogre
  3045 | D:4      | Reached skill level 5 in Axes
  3052 | D:4      | Reached XP level 6. HP: 24/38 MP: 6/6
  3463 | D:4      | Found an iron altar of Okawaru.
  3463 | D:4      | Found a blossoming altar of Fedhas.
  3467 | D:4      | Became a worshipper of Warmaster Okawaru
  3596 | D:4      | Noticed Natasha
  3598 | D:4      | 3598 ||| STAIRDANCE
  3690 | D:3      | 3690 ||| UPGRADING to +0 helmet.
  3695 | D:3      | 3695 ||| UPGRADING to ring of see invisible.
  3697 | D:3      | 3697 ||| READING scroll labelled EMEAFUE ZEDICH.
  3698 | D:3      | 3698 ||| READING scroll labelled GAROCKAKIA.
  3799 | D:3      | 3799 ||| READING 2 scrolls of identify.
  3799 | D:3      | 3799 ||| IDENTIFYING bubbling green potion
  3800 | D:3      | 3800 ||| DROPPING potion of ambrosia.
  3806 | D:4      | Killed Natasha
  3855 | D:4      | Noticed Natasha
  3856 | D:4      | 3856 ||| Stepping ~*~*~tactically~*~*~ (stealth).
  3860 | D:4      | Killed Natasha
  3861 | D:4      | Reached skill level 6 in Axes
  3861 | D:4      | Reached XP level 7. HP: 44/44 MP: 7/7
  4192 | D:4      | Noticed Natasha
  4202 | D:4      | Killed Natasha
  4324 | D:5      | Entered Level 5 of the Dungeon
  4344 | D:5      | Found a runed translucent gate.
  4346 | D:5      | Found a runed translucent gate.
  4348 | D:5      | Found a runed translucent gate.
  4348 | D:5      | Noticed qw's ghost (novice GrFi)
  4348 | D:5      | Noticed qw's ghost (novice GrBe)
  4350 | D:5      | Noticed qw's ghost (novice GrBe)
  4624 | D:5      | Reached * piety under Okawaru
  4745 | D:5      | Noticed Ijyb
  4746 | D:5      | 4746 ||| INVOKING Heroism.
  4757 | D:5      | Reached skill level 7 in Axes
  4757 | D:5      | Reached XP level 8. HP: 48/48 MP: 6/8
  4769 | D:5      | Killed Ijyb
  4828 | D:5      | 4828 ||| Stepping ~*~*~tactically~*~*~ (stealth).
  4921 | D:5      | 4921 ||| Stepping ~*~*~tactically~*~*~ (stealth).
  4922 | D:5      | 4922 ||| Stepping ~*~*~tactically~*~*~ (stealth).
  4956 | D:5      | 4956 ||| Stepping ~*~*~tactically~*~*~ (hiding).
  4960 | D:5      | 4960 ||| INVOKING Heroism.
  4965 | D:5      | Reached skill level 1 in Dodging
  4966 | D:5      | Reached skill level 1 in Invocations
  5022 | D:5      | 5022 ||| INVOKING Heroism.
  5049 | D:5      | 5049 ||| DROPPING +0 flail.
  5108 | D:5      | 5108 ||| Stepping ~*~*~tactically~*~*~ (hiding).
  5110 | D:5      | 5110 ||| INVOKING Heroism.
  5358 | D:5      | Identified the +10 dagger of qw's Peril {vamp, Fragile
                  | Int+2 Dex+2}
  5443 | D:5      | Noticed Sigmund
  5444 | D:5      | 5444 ||| Stepping ~*~*~tactically~*~*~ (hiding).
  5447 | D:5      | 5447 ||| INVOKING Heroism.
  5457 | D:5      | Killed Sigmund
  5458 | D:5      | Reached skill level 8 in Axes
  5625 | D:5      | 5625 ||| UPGRADING to amulet of reflection.
  5630 | D:5      | 5630 ||| DROPPING ring of willpower.
  5631 | D:5      | 5631 ||| READING scroll labelled VIODDI JERU.
  5632 | D:5      | 5632 ||| DRINKING 2 smoky brown potions.
  5632 | D:5      | Gained mutation: Your flesh is heat resistant. (rF+)
                  | [potion of mutation]
  5633 | D:5      | 5633 ||| READING 2 scrolls of identify.
  5633 | D:5      | 5633 ||| IDENTIFYING lumpy purple potion
  5703 | D:6      | 5703 ||| Stepping ~*~*~tactically~*~*~ (hiding).
  5715 | D:6      | Reached skill level 3 in Invocations
  5878 | D:6      | 5878 ||| INVOKING Heroism.
  5881 | D:6      | Reached XP level 9. HP: 54/54 MP: 8/11
  5952 | D:6      | 5952 ||| Stepping ~*~*~tactically~*~*~ (stealth).
  5959 | D:6      | 5959 ||| INVOKING Heroism.
  6031 | D:6      | 6031 ||| INVOKING Heroism.
  6084 | D:6      | 6084 ||| Stepping ~*~*~tactically~*~*~ (stealth).
  6130 | D:6      | Noticed a deep elf zephyrmancer
  6132 | D:6      | 6132 ||| INVOKING Heroism.
  6138 | D:6      | Reached skill level 6 in Fighting
  6159 | D:6      | 6159 ||| INVOKING Heroism.
  6159 | D:6      | HP: 11/55 [deep elf zephyrmancer/bolt of lightning (11)]
  6160 | D:6      | 6160 ||| DRINKING potion of heal wounds.
  6162 | D:6      | Killed a deep elf zephyrmancer
  6162 | D:6      | Reached ** piety under Okawaru
  6305 | D:6      | 6305 ||| READING scroll of enchant weapon.
  6305 | D:6      | 6305 ||| ENCHANTING +1 war axe.
  6388 | D:6      | Reached skill level 9 in Axes
  6393 | D:6      | 6393 ||| UPGRADING to +0 pair of boots.
  6419 | D:7      | 6419 ||| Stepping ~*~*~tactically~*~*~ (hiding).
  6426 | D:7      | 6426 ||| STAIRDANCE
  6435 | D:7      | 6435 ||| INVOKING Heroism.
  6436 | D:7      | 6436 ||| STAIRDANCE
  6454 | D:7      | 6454 ||| STAIRDANCE
  6460 | D:7      | 6460 ||| STAIRDANCE
  6498 | D:7      | 6498 ||| STAIRDANCE
  6512 | D:7      | Reached skill level 6 in Armour
  6624 | D:7      | Noticed Pikel
  6625 | D:7      | 6625 ||| INVOKING Heroism.
  6639 | D:7      | Killed Pikel
  6721 | D:7      | 6721 ||| Stepping ~*~*~tactically~*~*~ (stealth).
  6722 | D:7      | 6722 ||| Stepping ~*~*~tactically~*~*~ (stealth).
  6726 | D:7      | 6726 ||| Stepping ~*~*~tactically~*~*~ (stealth).
  6728 | D:7      | 6728 ||| Stepping ~*~*~tactically~*~*~ (hiding).
  6925 | D:7      | Found a staircase to the Ecumenical Temple.
  6997 | D:7      | 6997 ||| Stepping ~*~*~tactically~*~*~ (stealth).
  7132 | D:7      | 7132 ||| INVOKING Heroism.
  7135 | D:7      | Reached XP level 10. HP: 58/61 MP: 10/13
  7177 | D:7      | Found a shadowy altar of Dithmenos.
  7185 | D:7      | 7185 ||| INVOKING Heroism.
  7306 | D:7      | 7306 ||| READING scroll of enchant weapon.
  7306 | D:7      | 7306 ||| ENCHANTING +2 war axe.
  7326 | D:7      | Reached *** piety under Okawaru
  7329 | D:7      | 7329 ||| INVOKING Heroism.
  7695 | D:7      | 7695 ||| UPGRADING to +0 kite shield.
  7705 | D:7      | 7705 ||| DROPPING +0 buckler.
  7706 | D:7      | 7706 ||| DROPPING ring of ice.
  7707 | D:7      | 7707 ||| READING 3 scrolls labelled SEORCH FYILIX.
  7711 | D:7      | 7711 ||| READING scroll labelled QAOPTU XICITZU.
  7712 | D:7      | 7712 ||| DRINKING 2 sedimented black potions.
  7713 | D:7      | 7713 ||| READING 4 scrolls of identify.
  7713 | D:7      | 7713 ||| IDENTIFYING brown potion
  7714 | D:7      | 7714 ||| READING 3 scrolls of identify.
  7714 | D:7      | 7714 ||| IDENTIFYING metallic emerald potion
  7739 | D:8      | 7739 ||| INVOKING Heroism.
  7740 | D:8      | 7740 ||| STAIRDANCE
  7756 | D:8      | 7756 ||| STAIRDANCE
  7758 | D:7      | 7758 ||| INVOKING Heroism.
  7816 | D:8      | 7816 ||| STAIRDANCE
  7826 | D:8      | 7826 ||| STAIRDANCE
  7938 | D:8      | 7938 ||| STAIRDANCE
  7940 | D:7      | 7940 ||| INVOKING Heroism.
  8079 | D:8      | 8079 ||| INVOKING Heroism.
  8215 | D:8      | 8215 ||| Stepping ~*~*~tactically~*~*~ (stealth).
  8220 | D:8      | Reached skill level 6 in Shields
  8227 | D:8      | 8227 ||| INVOKING Heroism.
  8372 | D:8      | 8372 ||| Stepping ~*~*~tactically~*~*~ (hiding).
  8373 | D:8      | 8373 ||| INVOKING Heroism.
  8514 | D:8      | 8514 ||| Stepping ~*~*~tactically~*~*~ (stealth).
  8515 | D:8      | 8515 ||| INVOKING Heroism.
  8555 | D:8      | 8555 ||| Stepping ~*~*~tactically~*~*~ (hiding).
  8666 | D:8      | 8666 ||| DROPPING ring of protection from cold.
  8697 | D:9      | Found a sacrificial altar of Ru.
  8702 | D:9      | 8702 ||| INVOKING Heroism.
  8711 | D:9      | Received a gift from Okawaru
  8757 | D:9      | Found a white marble altar of Elyvilon.
  8877 | D:9      | Found a staircase to the Lair.
  8927 | D:9      | Noticed Maurice
  8937 | D:9      | Killed Maurice
  8981 | D:9      | Identified the +11 sling of Asuitus {flame, Dex+3 Stlth+}
  9249 | D:9      | Found a snail-covered altar of Cheibriados.
  9256 | D:9      | Noticed a two-headed ogre
  9257 | D:9      | 9257 ||| INVOKING Heroism.
  9263 | D:9      | Killed a two-headed ogre
  9264 | D:9      | Reached skill level 9 in Shields
  9373 | D:9      | Found a shimmering altar of Xom.
  9563 | D:9      | Found a burning altar of Makhleb.
  9572 | D:9      | 9572 ||| READING scroll of enchant armour.
  9572 | D:9      | 9572 ||| ENCHANTING +0 pair of gloves.
  9769 | D:9      | 9769 ||| PLANNING LAIR
  9769 | D:9      | 9769 ||| UPGRADING to +0 cloak.
  9774 | D:9      | 9774 ||| READING 5 scrolls of identify.
  9774 | D:9      | 9774 ||| IDENTIFYING sedimented silvery potion
  9847 | Lair:1   | Entered Level 1 of the Lair of Beasts
  9847 | Lair:1   | Noticed a black mamba
  9847 | Lair:1   | Noticed a cane toad
  9848 | Lair:1   | 9848 ||| INVOKING Heroism.
  9852 | Lair:1   | Killed a black mamba
  9853 | Lair:1   | Reached XP level 11. HP: 60/67 MP: 11/14
  9861 | Lair:1   | Reached **** piety under Okawaru
  9907 | Lair:1   | 9907 ||| INVOKING Heroism.
  9912 | Lair:1   | Reached skill level 10 in Axes
  9970 | Lair:1   | Found a transporter.
  9984 | Lair:1   | Noticed qw's ghost (journeyman MiBe)
  9989 | Lair:1   | 9989 ||| INVOKING Heroism.
 10028 | Lair:1   | Found a transporter.
 10035 | Lair:1   | Noticed a six-headed hydra
 10036 | Lair:1   | 10036 ||| INVOKING Heroism.
 10039 | Lair:1   | 10039 ||| SWAPPING to +0 morningstar.
 10061 | Lair:1   | 10061 ||| INVOKING Heroism.
 10063 | Lair:1   | HP: 7/67 [six-headed hydra (11)]
 10064 | Lair:1   | 10064 ||| READING 3 scrolls of teleportation.
 10064 | Lair:1   | HP: 3/67 [six-headed hydra (4)]
 10065 | Lair:1   | 10065 ||| DRINKING 2 potions of heal wounds.
 10066 | Lair:1   | Killed a six-headed hydra
 10066 | Lair:1   | Received a gift from Okawaru
 10067 | Lair:1   | 10067 ||| SWAPPING to +3 war axe.
 10263 | Lair:1   | 10263 ||| INVOKING Heroism.
 10308 | Lair:1   | 10308 ||| INVOKING Heroism.
 10426 | Lair:1   | 10426 ||| Stepping ~*~*~tactically~*~*~ (hiding).
 10428 | Lair:1   | 10428 ||| INVOKING Heroism.
 10440 | Lair:1   | Reached skill level 6 in Invocations
 10441 | Lair:1   | 10441 ||| INVOKING Heroism.
 10817 | Lair:1   | 10817 ||| INVOKING Heroism.
 11033 | Lair:1   | 11033 ||| UPGRADING to +2 helmet.
 11043 | Lair:1   | 11043 ||| DROPPING +0 helmet.
 11044 | Lair:1   | 11044 ||| DROPPING scarf of shadows.
 11045 | Lair:1   | 11045 ||| READING scroll labelled YKLEANEUSI.
 11102 | Lair:2   | Noticed a four-headed hydra
 11104 | Lair:2   | 11104 ||| INVOKING Heroism.
 11105 | Lair:2   | 11105 ||| SWAPPING to +0 morningstar.
 11114 | Lair:2   | Killed a four-headed hydra
 11115 | Lair:2   | 11115 ||| SWAPPING to +3 war axe.
 11122 | Lair:2   | 11122 ||| Stepping ~*~*~tactically~*~*~ (water).
 11127 | Lair:2   | Reached ***** piety under Okawaru
 11131 | Lair:2   | 11131 ||| INVOKING Heroism.
 11184 | Lair:2   | Noticed a seven-headed hydra
 11185 | Lair:2   | 11185 ||| Stepping ~*~*~tactically~*~*~ (stealth).
 11292 | Lair:2   | 11292 ||| FLEEEEING.
 11293 | Lair:2   | 11293 ||| INVOKING Heroism.
 11294 | Lair:2   | 11294 ||| SWAPPING to +0 morningstar.
 11295 | Lair:2   | 11295 ||| INVOKING Finesse.
 11307 | Lair:2   | Killed a seven-headed hydra
 11308 | Lair:2   | Reached XP level 12. HP: 35/73 MP: 10/17
 11308 | Lair:2   | 11308 ||| SWAPPING to +3 war axe.
 11487 | Lair:2   | Found a staircase to the Swamp.
 11586 | Lair:2   | 11586 ||| Stepping ~*~*~tactically~*~*~ (stealth).
 11721 | Lair:2   | 11721 ||| INVOKING Heroism.
 11829 | Lair:2   | Found a hole to the Spider Nest.
 11848 | Lair:2   | Received a gift from Okawaru
 11945 | Lair:2   | 11945 ||| Stepping ~*~*~tactically~*~*~ (stealth).
 11989 | Lair:2   | Reached skill level 9 in Invocations
 11998 | Lair:2   | 11998 ||| READING scroll of enchant weapon.
 11998 | Lair:2   | 11998 ||| ENCHANTING +3 war axe.
 12274 | Lair:3   | 12274 ||| Stepping ~*~*~tactically~*~*~ (stealth).
 12276 | Lair:3   | 12276 ||| INVOKING Heroism.
 12283 | Lair:3   | Reached skill level 11 in Axes
 12577 | Lair:3   | 12577 ||| INVOKING Heroism.
 12578 | Lair:3   | 12578 ||| INVOKING Finesse.
 12584 | Lair:3   | 12584 ||| DRINKING potion of cancellation.
 12590 | Lair:3   | 12590 ||| READING 2 scrolls of teleportation.
 12590 | Lair:3   | HP: 9/73 [oklob plant/splash of acid (13)]
 12591 | Lair:3   | 12591 ||| DRINKING potion of heal wounds.
 12596 | Lair:3   | Killed from afar by an oklob plant

Levels and vault maps discovered:
D:1:      matt_arrival_spirals, layout_rooms, nicolae_grassy_gnolls
D:2:      layout_basic, ebering_ecumenical_altar_hall, serial_co_window_serial,
          co_window_paths_a, co_window_of_opportunity_a, co_window_corner_a,
          co_window_paths_a, co_window_corner_a, co_window_of_opportunity_a,
          co_window_unsneaky_path_d, co_window_corner_b,
          co_window_of_opportunity_c, co_window_unsneaky_path_d,
          co_window_corner_b, co_window_paths_c
D:3:      layout_rooms, nzn_wu_jian_contemplation,
          nicolae_gozag_zags_fifth_avenue
D:4:      layout_basic, mainiacjoe_overflow_divided_tiny, minivault_14,
          uniq_natasha
D:5:      nicolae_cairo_tiling_large_dashed, layout_cave_pods,
          gammafunk_ghost_cemetery, uniq_ijyb, uniq_sigmund
D:6:      layout_rooms, guppyfry_early_elven_hall
D:7:      layout_loops_ring, lemuel_doored_altar,
          minmay_temple_entry_glassed_door, grunt_ministairs_14,
          mrwooster_statue_mirror, chequers_serial_rivers_large_b,
          nrook_campfire, uniq_pikel
D:8:      minmay_skewed_foursquare, layout_rooms,
          hangedman_abyss_or_decor_jellyfish_corner, amcnicky_mini_pool_small,
          minmay_fountain_box, minmay_manual_mess
D:9:      layout_basic, mainiacjoe_overflow_concentric_impassable,
          elyvilon_altar_5, lemuel_round_altar,
          mainiacjoe_overflow_large_starburst, lair_entry_dummy, uniq_maurice
Lair:1:   layout_big_grid, nzn_ghost_randoct, infiniplex_staircase_pool_2
Lair:2:   layout_misc_corridors, palyth_hydra_swamp_entry,
          spider_nest_entry_rubble
Lair:3:   dragon1_lemuel, layout_gridlike, portal_ice_cave_entry_imps,
          dpeg_oklob_1

Skill      XL: |  1  2  3  4  5  6  7  8  9 10 11 12 |
---------------+-------------------------------------+-----
Axes           | 2 3 4 5 6 7 8 9 10 11 | 11.0
Throwing       | 1 2 4 |  4.4
Fighting       | 4 5 6 7 8 |  8.1
Armour         | 4 6 8 |  8.1
Dodging        | 1 |  1.0
Invocations    | 3 4 7 9 |  9.7
Shields        | 4 9 10 | 10.0

Action                   |  1- 3 |  4- 6 |  7- 9 | 10-12 || total
-------------------------+-------+-------+-------+-------++-------
Melee: War axe           |    86 |    92 |   235 |   400 ||   813
       Morningstar       |       |       |       |    44 ||    44
Throw: Boomerang         |    36 |     4 |     7 |     2 ||    49
       Javelin           |       |    32 |    51 |    58 ||   141
Invok: Heroism           |       |       |    13 |    27 ||    40
       Finesse           |       |       |       |     2 ||     2
  Use: Scroll            |     2 |    11 |     3 |    11 ||    27
       Potion            |     1 |     1 |     2 |     4 ||     8
Armor: Scale mail        |    36 |     8 |       |       ||    44
       Plate armour      |       |    47 |   145 |   267 ||   459
Dodge: Dodged            |    34 |    18 |    57 |   108 ||   217
Block: Buckler           |    18 |    15 |    77 |    21 ||   131
       Reflection        |       |       |     6 |    11 ||    17
       Kite shield       |       |       |       |   334 ||   334

Table legend:
 A = Non-vault XP
 B = Vault XP
 C = Vault XP percentage of total XP
 D = Non-vault monster count
 E = Vault monster count
 F = Vault count percentage of total count
                 A         B        C        D         E       F
            +---------+---------+-------+---------+---------+-------
      Total |   18552 |    6091 |  24.7 |     215 |      25 |  10.4
            +---------+---------+-------+---------+---------+-------
        D:1 |      52 |      14 |  21.2 |      28 |       1 |   3.4
        D:2 |      26 |       0 |   0.0 |       9 |       0 |   0.0
        D:3 |      33 |       0 |   0.0 |      11 |       0 |   0.0
        D:4 |     553 |      35 |   6.0 |      24 |       1 |   4.0
        D:5 |    1109 |     259 |  18.9 |      26 |       2 |   7.1
        D:6 |     975 |     615 |  38.7 |      24 |       1 |   4.0
        D:7 |     947 |    1192 |  55.7 |      24 |       5 |  17.2
        D:8 |     793 |     502 |  38.8 |      14 |       7 |  33.3
        D:9 |    1532 |     480 |  23.9 |       9 |       1 |  10.0
     Lair:1 |    6286 |       0 |   0.0 |      25 |       0 |   0.0
     Lair:2 |    3192 |    2994 |  48.4 |      13 |       7 |  35.0
     Lair:3 |    3054 |       0 |   0.0 |       8 |       0 |   0.0
            +---------+---------+-------+---------+---------+-------
